 Dungeon Crawl Stone Soup version 0.27.1-1-g398f81649c (webtiles) character file.

Game seed: 6247468590038918499

14422 Elvor the Basher (level 12, -2/75 HPs)
             Began as a Gargoyle Delver on Sept 15, 2021.
             Was a High Priest of Okawaru.
             Shot with a bolt by a yaktaur (12 damage)
             ... on level 11 of the Dungeon.
             The game lasted 02:00:07 (14114 turns).

Elvor the Basher (Gargoyle Delver)                 Turns: 14114, Time: 02:00:08

Health: -2/75      AC: 15    Str: 20    XL:     12   Next: 16%
Magic:  17/17      EV: 13    Int: 12    God:    Okawaru [*****.]
Gold:   964        SH:  0    Dex: 11    Spells: 15/17 levels left

rFire    . . .     SeeInvis .   y - +0 morningstar (protect)
rCold    . . .     Faith    .   (no shield)
rNeg     + . .     Spirit   .   b - +0 leather armour
rPois    ∞         Reflect  .   (no helmet)
rElec    +         Harm     .   o - +0 cloak
rCorr    .         Rampage  .   B - +0 pair of gloves
Will     .....                  (no boots)
Stlth    +++.......             e - amulet of the acrobat
HPRegen  0.22/turn              n - ring of flight
MPRegen  0.15/turn              (no ring)

@: flying, studying Summonings, invisible
A: sickness immunity, AC +8, negative energy resistance 1, electricity
resistance, torment resistance 1, petrification resistance
a: Renounce Religion, Heroism, Finesse


You were on level 11 of the Dungeon.
You worshipped Okawaru.
Okawaru was extremely pleased with you.
You visited 2 branches of the dungeon, and saw 12 of its levels.
You also visited: Bailey.

You collected 964 gold pieces.

Inventory:

Hand Weapons
 f - a +5 vorpal scimitar
 l - a +0 hunting sling
 p - a +0 hand crossbow
 y - a +0 morningstar of protection (weapon)
 A - a +1 vampiric long sword
 N - a +0 whip of electrocution
Missiles
 h - 294 stones
 m - 140 bolts
 w - 2 silver javelins
 x - 9 boomerangs of dispersal
 D - 36 poisoned darts (quivered)
 H - 8 boomerangs
 L - 9 curare-tipped darts
 T - 8 datura-tipped darts
 V - 4 javelins
Armour
 b - a +0 leather armour (worn)
 o - a +0 cloak (worn)
 B - a +0 pair of gloves (worn)
 G - a +2 plate armour of cold resistance
 J - a +0 crystal plate armour
 Q - the +18 shield of the Gong {rElec rN+ Will+ EV-5}
   (You found it on level 9 of the Dungeon)

   It is deafeningly noisy when blocking attacks.
   EV:        It affects your evasion (-5).
   rElec:     It insulates you from electricity.
   rN:        It protects you from negative energy.
   Will:      It increases your willpower.
Jewellery
 e - an amulet of the acrobat (around neck)
 k - a ring of ice
 n - a ring of flight (left hand)
 U - a +6 ring of dexterity
Wands
 g - a wand of digging (3)
 M - a wand of iceblast (11)
 O - a wand of mindburst (2)
Scrolls
 a - a scroll of vulnerability {unknown}
 d - 2 scrolls of magic mapping
 i - 3 scrolls of teleportation
 q - 2 scrolls of amnesia {unknown}
 r - 2 scrolls of noise {unknown}
 s - 3 scrolls of enchant armour {unknown}
 t - a scroll of acquirement {unknown}
 v - 2 scrolls of blinking {unknown}
 E - 2 scrolls of enchant weapon {unknown}
 R - a scroll of silence {unknown}
Potions
 j - a potion of attraction {unknown}
 u - a potion of mutation
 z - a potion of magic
 C - 2 potions of flight
 F - 3 potions of curing
 I - a potion of ambrosia
 P - a potion of resistance {unknown}
 S - a potion of haste


   Skills:
 + Level 8.4 Fighting
 + Level 11.6 Maces & Flails
 + Level 8.3 Throwing
 + Level 5.7 Armour
 + Level 4.9 Dodging
 + Level 7.0 Stealth
 + Level 3.3 Spellcasting
 + Level 2.5 Necromancy
 + Level 1.1 Translocations
 + Level 2.4 Evocations


You had 15 spell levels left.
You knew the following spells:

 Your Spells              Type           Power      Damage    Failure   Level
a - Apportation           Tloc           8%         N/A       17%         1
b - Pain                  Necr           32%        1d5       10%         1

Your spell library contained the following spells:

 Spells                   Type           Power      Damage    Failure   Level
 Animate Skeleton         Necr           16%        N/A       10%         1
 Beastly Appendage        Tmut           4%         N/A       26%         1
 Corona                   Hex            2%         N/A       26%         1
 Magic Dart               Conj           8%         1d3       26%         1
 Sting                    Tmut/Pois      8%         1d3       26%         1
 Summon Small Mammal      Summ           8%         N/A       26%         1
 Vampiric Draining        Necr           4%         2d6       28%         3
 Call Imp                 Summ           2%         N/A       38%         2
 Ensorcelled Hibernation  Hex/Ice        4%         N/A       38%         2
 Poisonous Vapours        Pois/Air       4%         N/A       38%         2
 Slow                     Hex            2%         N/A       38%         2
 Static Discharge         Conj/Air       2%         N/A       38%         2
 Wereblood                Tmut           2%         N/A       38%         2
 Confusing Touch          Hex            2%         N/A       63%         3
 Mephitic Cloud           Conj/Pois/Air  2%         N/A       63%         3
 Spider Form              Tmut/Pois      1%         N/A       63%         3
 Tukima's Dance           Hex            2%         N/A       63%         3
 Dispel Undead            Necr           8%         3d8       67%         4
 Olgreb's Toxic Radiance  Pois           2%         N/A       95%         4
 Sticky Flame             Conj/Fire      2%         2d3       95%         4
 Summon Ice Beast         Ice/Summ       2%         N/A       95%         4
 Summon Mana Viper        Hex/Summ       2%         N/A       100%        5
 Monstrous Menagerie      Summ           1%         N/A       100%        7


Dungeon Overview and Level Annotations

Branches:
Dungeon (11/15)            Temple (1/1) D:4            Lair (0/6) D:9
 Bailey (visited)
    Orc: D:9-12

Altars:
Ashenzari
Cheibriados
Dithmenos
Elyvilon
Fedhas
Gozag
Hepliaklqana
Kikubaaqudgha
Makhleb
Nemelex Xobeh
Okawaru
Qazlal
Ru
Sif Muna
Trog
Uskayaw
Vehumet
Wu Jian
Xom
Yredelemnul
Zin
The Shining One


Innate Abilities, Weirdness & Mutations

You are immune to sickness and miasma.
Your stone body is resilient. (AC +8)
You are immune to poison.
You resist negative energy. (rN+)
You are resistant to electric shocks. (rElec)
You are resistant to unholy torment.
You are immune to petrification.


Message History

The centaur kicks you but does no damage.
The centaur hits you but does no damage.
The centaur kicks you but does no damage.
You puncture the centaur!
You kill the centaur!
Okawaru accepts your kill.
U - a +6 ring of dexterity
Things that are here:
a +0 shortbow; 17 arrows; a centaur corpse
Things that are here:
a +0 shortbow; 24 arrows
Items here: ( ) [ †.
V - 4 javelins You now have 964 gold pieces (gained 18).
Items here: ( )) †.
Okay, then.
Things that are here:
a +0 flail; a gnoll corpse
D - 37 poisoned darts (gained 1)
A yaktaur comes into view. x2
You see here a poisoned dart.
Throw: 37 darts (poison)
Press: ? - help, Q - select action, (/) - cycle Shift-Dir - straight line, f - yaktaur
Aim: a yaktaur, quivering bolts (wandering, hasn't noticed you, 84% to hit)
You throw a poisoned dart. The poisoned dart hits the yaktaur.
The yaktaur is poisoned.
The yaktaur shouts!
The yaktaur wields a +0 arbalest.
The yaktaur shoots a bolt.
The bolt hits you!!
You hear a shout!
Okay, then.
As you read the scroll of fog, it crumbles to dust.
The scroll dissolves into smoke.
The yaktaur shoots a bolt.
The bolt hits you!!
* * * LOW HITPOINT WARNING * * *
You hear a shout!
The yaktaur wields a +0 arbalest.
The yaktaur shoots a bolt.
The bolt closely misses you.
You fade into invisibility!
The yaktaur shoots a bolt.
The bolt hits you!
You die...

......# .......##
........## .........##
..........## ......§§...##
.....§§§§§..##
#....(§§@§§..##
......§§§§§...##
.........§)§....##
..........))......##
...(c...............##
.....................##
....c..[..............##
.......................##
........................##


You could see 2 yaktaurs.

Vanquished Creatures
  A boulder beetle (D:11)
  3 two-headed ogres (D:10)
  2 ugly things
  Maurice (D:8)
  2 vault sentinels (D:9)
  2 unseen horrors
  Psyche (D:10)
  3 trolls
  A hornet (D:10)
  A wraith (D:9)
  3 wyverns
  10 yaks
  A steam dragon (D:9)
  2 acid dragons
  A water moccasin (D:7)
  A sky beast (D:6)
  2 ice beasts (D:8)
  A black bear (D:7)
  3 orc warriors
  A necrophage (D:8)
  4 ogres
  7 centaurs
  A phantom (D:6)
  3 kobold brigands
  2 bullfrogs
  10 gnoll sergeants
  3 scorpions
  2 wyvern zombies
  A water moccasin zombie (D:5)
  2 wyvern skeletons
  10 killer bees
  5 howler monkeys
  2 electric eels (D:6)
  A bullfrog zombie (D:6)
  7 centaur zombies
  4 hounds
  A jelly (D:6)
  3 orc priests
  6 gnoll shamans (Bailey)
  A bullfrog skeleton (D:6)
  4 iguanas
  An iron imp (D:9)
  4 orc wizards
  Terence (D:3)
  A killer bee zombie (D:7)
  2 hound skeletons
  25 gnolls
  6 adders
  2 white imps
  2 ufetubi
  2 worms
  3 dart slugs
  15 orcs
  9 bats
  6 endoplasms
  2 giant cockroaches
  7 goblins
  3 hobgoblins
  24 kobolds
  2 quokkas
  6 ball pythons
  5 frilled lizards
  3 rats
252 creatures vanquished.

Vanquished Creatures (others)
  A kobold (D:4)
  4 fungi (D:4)
  2 plants (D:9)
7 creatures vanquished.

Grand Total: 259 creatures vanquished

Notes
Turn   | Place    | Note
-------+----------+-------------------------------------------
     0 | D:5      | Elvor the Gargoyle Delver began the quest for the Orb.
     0 | D:5      | Reached XP level 1. HP: 14/14 MP: 1/1
    77 | D:5      | Noticed an ogre
    89 | D:5      | Noticed an iguana
   150 | D:4      | Noticed a scorpion
   175 | D:4      | Found an opulent altar of Gozag.
   175 | D:4      | Noticed an iguana
   547 | D:3      | Noticed Terence
   595 | D:3      | Found a faded altar of an unknown god.
   698 | D:2      | Reached XP level 2. HP: 14/19 MP: 2/2
  1028 | D:2      | Reached XP level 3. HP: 13/23 MP: 3/3
  1879 | D:2      | Reached skill level 3 in Maces & Flails
  1879 | D:2      | Reached XP level 4. HP: 28/28 MP: 4/4
  2004 | D:2      | Reached skill level 1 in Armour
  2366 | D:2      | Found a blossoming altar of Fedhas.
  2862 | D:3      | Found a hazy altar of Hepliaklqana.
  3014 | D:3      | Killed Terence
  3247 | D:3      | Reached XP level 5. HP: 10/33 MP: 5/5
  3449 | D:4      | Noticed an ogre
  3473 | D:3      | Killed an ogre
  3474 | D:3      | Reached skill level 1 in Throwing
  3576 | D:4      | Learned a level 1 spell: Apportation
  3686 | D:4      | Reached skill level 4 in Maces & Flails
  3686 | D:4      | Reached XP level 6. HP: 33/38 MP: 6/6
  3750 | D:4      | Found a broken altar of Ashenzari.
  3853 | D:4      | Noticed a necrophage
  3953 | D:4      | Found a staircase to the Ecumenical Temple.
  3964 | Temple   | Entered the Ecumenical Temple
  4297 | D:5      | Reached skill level 5 in Maces & Flails
  4297 | D:5      | Reached XP level 7. HP: 42/42 MP: 7/7
  4897 | D:5      | Reached skill level 6 in Maces & Flails
  5004 | D:6      | Reached XP level 8. HP: 48/48 MP: 8/8
  5579 | D:6      | Reached skill level 7 in Maces & Flails
  5600 | D:6      | Found a bloodstained altar of Trog.
  5763 | D:6      | Found a transporter.
  5792 | D:6      | Found a transporter.
  6094 | D:6      | Learned a level 1 spell: Pain
  6286 | D:7      | Found a flagged portal.
  6293 | Bailey   | Entered a bailey
  6304 | Bailey   | Reached XP level 9. HP: 51/53 MP: 9/9
  6308 | Bailey   | Reached skill level 8 in Maces & Flails
  6310 | Bailey   | Reached skill level 5 in Armour
  6623 | Bailey   | Reached skill level 5 in Fighting
  8483 | D:7      | Reached skill level 1 in Spellcasting
  8564 | D:7      | Reached skill level 9 in Maces & Flails
  8564 | D:7      | Reached skill level 1 in Necromancy
  9294 | D:7      | Noticed a troll
  9306 | D:7      | Killed a troll
  9307 | D:7      | Reached XP level 10. HP: 60/60 MP: 11/13
  9336 | D:7      | Reached skill level 1 in Evocations
  9379 | D:7      | Killed an unseen horror
  9380 | D:7      | Reached skill level 1 in Translocations
  9697 | D:8      | Found a shadowy altar of Dithmenos.
  9697 | D:8      | Found an ancient bone altar of Kikubaaqudgha.
  9812 | D:8      | Noticed Maurice
  9979 | D:8      | Found an iron altar of Okawaru.
  9997 | D:8      | Became a worshipper of Warmaster Okawaru
 10067 | D:8      | Killed Maurice
 10187 | D:8      | Reached skill level 10 in Maces & Flails
 10306 | D:8      | Reached skill level 5 in Throwing
 10671 | D:8      | Reached * piety under Okawaru
 11307 | D:9      | Found a basalt altar of Yredelemnul.
 11335 | D:9      | Noticed a brown ugly thing
 11352 | D:9      | Killed a brown ugly thing
 11352 | D:9      | Reached ** piety under Okawaru
 11353 | D:9      | Reached XP level 11. HP: 64/67 MP: 7/14
 11431 | D:9      | Found a snail-covered altar of Cheibriados.
 11480 | D:9      | Found a staircase to the Lair.
 11929 | D:9      | Found a white marble altar of Elyvilon.
 12289 | D:9      | Reached *** piety under Okawaru
 12354 | D:9      | Found the +18 shield of the Gong {rElec rN+ Will+ EV-5}
 12475 | D:10     | Entered Level 10 of the Dungeon
 12481 | D:10     | Noticed Psyche
 12498 | D:10     | Killed Psyche
 12499 | D:10     | Reached skill level 11 in Maces & Flails
 12639 | D:10     | Found a glowing golden altar of the Shining One.
 12827 | D:10     | Found a sacrificial altar of Ru.
 12842 | D:10     | Noticed a two-headed ogre
 12856 | D:10     | Killed a two-headed ogre
 13036 | D:10     | Noticed a two-headed ogre
 13050 | D:10     | Killed a two-headed ogre
 13051 | D:10     | Reached **** piety under Okawaru
 13085 | D:10     | Found a hide-covered altar of Uskayaw.
 13130 | D:10     | Noticed a two-headed ogre
 13158 | D:10     | Killed a two-headed ogre
 13326 | D:11     | Noticed a boulder beetle
 13346 | D:11     | Killed a boulder beetle
 13674 | D:11     | Received a gift from Okawaru
 13876 | D:11     | Reached ***** piety under Okawaru
 13934 | D:11     | Noticed a green ugly thing
 13944 | D:11     | Reached XP level 12. HP: 71/74 MP: 16/16
 13975 | D:11     | Received a gift from Okawaru
 14094 | D:11     | Received a gift from Okawaru
 14114 | D:11     | Shot with a bolt by a yaktaur

Illustrated notes

Levels and vault maps discovered:
D:1:      saegor_arrival_simple_b, layout_loops_cross
D:2:      layout_basic, basic_altar
D:3:      layout_loops_ring, lemuel_round_altar,
          hellmonk_ecumenical_altar_run_dry, amethyst_killhole, uniq_terence
D:4:      layout_cave_pools, kennysheep_little_box,
          nicolae_gozag_cash_rules_everything_around_me,
          minmay_temple_entry_slanted, serial_park, serial_park_fountain,
          serial_park_square1 [serial_park_minivault_5x5_6],
          serial_park_tiny_pond, serial_park_tiny_pond
D:5:      layout_loops_cross
D:6:      gammafunk_steamed_eel, layout_basic, trog_butcher_becter
D:7:      layout_loops_ring, enter_bailey_2, wad_mini_maze
D:8:      layout_cave_pools, mainiacjoe_overflow_small_starburst,
          grunt_temple_overflow_open, uniq_maurice
D:9:      layout_irregular_city, general_overflow_altar, slow_altar_1,
          mainiacjoe_overflow_alcove_2, dpeg_oklobed_lair,
          hellmonk_guarded_unrand_gong
D:10:     layout_cave_pods, mainiacjoe_overflow_six_doors_small,
          lemuel_tele_altar, nicolae_uskayaw_murder_on_the_dancefloor,
          uniq_psyche
D:11:     layout_big_octagon, serial_rivers, chequers_serial_rivers_micro_e,
          chequers_serial_rivers_small_3, chequers_serial_rivers_micro_e,
          chequers_serial_rivers_small_a
Temple:   kb_temple_of_zot

Skill      XL: |  1  2  3  4  5  6  7  8  9 10 11 12 |
---------------+-------------------------------------+-----
Stealth        | 6 7 |  7.0
Maces & Flails | 3 4 5 6 7 9 10 11 | 11.6
Armour         | 1 2 3 4 5 |  5.7
Throwing       | 1 2 3 4 5 7 8 |  8.3
Dodging        | 2 3 4 |  4.9
Fighting       | 4 5 7 8 |  8.4
Spellcasting   | 2 3 |  3.3
Necromancy     | 1 2 |  2.5
Evocations     | 2 |  2.4
Translocations | 1 |  1.1

Action                   |  1- 3 |  4- 6 |  7- 9 | 10-12 || total
-------------------------+-------+-------+-------+-------++-------
Melee: Mace              |    94 |    57 |       |       ||   151
       Flail             |       |    87 |       |       ||    87
       Morningstar       |       |    15 |   421 |   321 ||   757
Throw: Dart              |     3 |    25 |    15 |   163 ||   206
       Stone             |     3 |       |    43 |    43 ||    89
       Boomerang         |       |     6 |   113 |    12 ||   131
       Javelin           |       |       |     6 |     5 ||    11
       Throwing net      |       |       |     4 |     8 ||    12
 Cast: Pain              |       |       |    27 |    12 ||    39
       Apportation       |       |       |     4 |       ||     4
Invok: Heroism           |       |       |       |     1 ||     1
Evoke: Wand              |       |       |    10 |    25 ||    35
  Use: Potion            |     1 |     1 |       |     5 ||     7
       Scroll            |     1 |       |     1 |     9 ||    11
 Stab: Sleeping          |     5 |     6 |     1 |     2 ||    14
       Distracted        |       |       |       |     2 ||     2
Armor: Leather armour    |    34 |    21 |   115 |   247 ||   417
       Scale mail        |       |    57 |    31 |       ||    88
       Chain mail        |       |       |   100 |       ||   100
       Crystal plate arm |       |       |    22 |       ||    22
Dodge: Dodged            |    66 |   113 |   351 |   303 ||   833
